 Dungeon Crawl Stone Soup version 0.23.1 (webtiles) character file.

Game seed: 189284970759062611

95 Giel the Skirmisher (level 4, 0/41 HPs)
             Began as a Hill Orc Monk on Mar 18, 2019.
             Slain by an orc wizard
             ... wielding a +0 dagger
              (2 damage)
             ... on level 2 of the Dungeon.
             The game lasted 00:08:00 (2530 turns).

Giel the Skirmisher (Hill Orc Monk)                 Turns: 2530, Time: 00:08:01

Health: 0/41       AC:  2    Str: 14    XL:     4   Next: 65%
Magic:  4/4        EV: 13    Int: 10    God:
Gold:   122        SH:  0    Dex: 13    Spells: 3/3 levels left

rFire    + . .     SeeInvis .   a - +0 spear
rCold    + . .     Gourm    .   (no shield)
rNeg     . . .     Faith    .   b - +0 robe
rPois    +         Spirit   .   (no helmet)
rElec    +         Reflect  .   (no cloak)
rCorr    +         Harm     .   (no gloves)
MR       .....                  (no boots)
Stlth    ++........             (no amulet)
HPRegen  0.13/turn              (no ring)
MPRegen  0.09/turn              (no ring)

@: resistant, hasted, very quick
A: no striking features
a: no special abilities


You were on level 2 of the Dungeon.
You were very hungry.

You visited 1 branch of the dungeon, and saw 3 of its levels.

You collected 122 gold pieces.

Inventory:

Hand Weapons
 a - a +0 spear (weapon)
 d - a +0 hunting sling
Missiles
 g - 72 sling bullets (quivered)
Armour
 b - a +0 robe (worn)
 n - a +0 leather armour
Jewellery
 o - an uncursed ring of protection from fire {unknown}
Scrolls
 f - a scroll of enchant armour {unknown}
 h - 2 scrolls of fog {unknown}
 j - a scroll of amnesia {unknown}
 l - a scroll of noise {unknown}
 p - a scroll of remove curse {unknown}
Potions
 k - a potion of resistance
 m - a potion of berserk rage {unknown}
Comestibles
 c - 6 rations


   Skills:
 + Level 4.4 Fighting
 + Level 4.0 Polearms
 + Level 1.4 Armour
 + Level 2.9 Dodging
 + Level 2.1 Stealth


You had 3 spell levels left.
You didn't know any spells.
Your spell library was empty.

Dungeon Overview and Level Annotations

Branches:
Dungeon (3/15)

Altars:
Cheibriados


Message History

* * * LOW HITPOINT WARNING * * *
You hit the adder.
You kill the adder!
Your Polearms skill increases to level 4!
The orc closely misses you.
Items here: ))) ††† The orc barely misses you.
There is a stone staircase leading up here.
Something hits you.
* * * LOW HITPOINT WARNING * * *
You climb upwards.
Reactivating autopickup.
There is a stone staircase leading down here.
It was a potion of haste.
You feel yourself speed up. Something barely misses you.
Deactivating autopickup; reactivate with Ctrl-A.
You miss something. Something barely misses you.
You miss something. You barely miss something. Something hits you.
You die...

########### #.# ..........# #.#
..........# ###############.##
..........## #.................
...........# #>....##########.#
...........# #.....# #.#
...........# #.....# #.#
###+######.#####{....# #.# ..#.#
#......@#.########## #.#
#)#.############'#.#........# #.#
#..)..................#####.# #.#
#......................#....# #(#
#.......[..............#.#..# #.#
#.#'##.................#.#..###.#
#.#.##.####.............(...#...#
#.#.##.# #...(..........#.##.###
#.#)##.# #............#....#.#


There were no monsters in sight!

Vanquished Creatures
  3 adders
  2 oozes (D:1)
  2 worms (D:2)
  A dart slug (D:1)
  4 leopard geckos
  3 orcs (D:3)
  5 giant cockroaches
  5 goblins
  8 hobgoblins
  A quokka (D:2)
  3 bats
  A frilled lizard (D:2)
  2 kobolds (D:2)
  3 rats
43 creatures vanquished.

Notes
Turn   | Place    | Note
-------+----------+-------------------------------------------
     0 | D:1      | Giel the Hill Orc Monk began the quest for the Orb.
     0 | D:1      | Reached XP level 1. HP: 19/19 MP: 1/1
    75 | D:1      | Found a snail-covered altar of Cheibriados.
   225 | D:1      | Reached XP level 2. HP: 27/27 MP: 2/2
   495 | D:1      | Reached XP level 3. HP: 31/33 MP: 3/3
  1042 | D:2      | Reached skill level 1 in Armour
  1067 | D:2      | Reached XP level 4. HP: 25/41 MP: 4/4
  2519 | D:3      | HP: 2/41 [orc/+0 trident (3)]
  2525 | D:3      | HP: 2/41 [something (1)]
  2530 | D:2      | Slain by an orc wizard

Skill      XL: |  1  2  3  4 |
---------------+-------------+-----
Fighting       | 4 |  4.4
Armour         | 1 |  1.4
Stealth        | 2 |  2.1
Polearms       | 4 |  4.0
Dodging        | |  2.9

Action                   |  1- 3 |  4- 6 || total
-------------------------+-------+-------++-------
Melee: Spear             |   114 |   145 ||   259
  Use: Potion            |     1 |     3 ||     4
 Stab: Sleeping          |     7 |     1 ||     8
  Eat: Chunk             |     1 |     3 ||     4
Armor: Robe              |     6 |    16 ||    22
Dodge: Dodged            |    53 |    72 ||   125
